 Dungeon Crawl Stone Soup version 0.23-a0-677-g07611c5 (console) character file.

8 Duffy the Firebug (level 2, 16/19 HPs)
             Began as a Demonspawn Fire Elementalist on Jan 9, 2019.
             Quit the game on level 2 of the Dungeon.
             The game lasted 00:00:31 (200 turns).

Duffy the Firebug (Demonspawn Fire Elementalist)     Turns: 200, Time: 00:00:32

Health: 16/19      AC:  2    Str:  8    XL:     2   Next: 0%
Magic:  3/5        EV: 12    Int: 16    God:
Gold:   17         SH:  0    Dex: 13    Spells: 4/5 levels left

rFire    . . .     SeeInvis .   (no weapon)
rCold    . . .     Gourm    .   (no shield)
rNeg     . . .     Faith    .   a - +0 robe
rPois    .         Spirit   .   (no helmet)
rElec    .         Reflect  .   (no cloak)
rCorr    .         Harm     .   (no gloves)
MR       .....                  (no boots)
Stlth    ++........             (no amulet)
HPRegen  0.06/turn              (no ring)
MPRegen  0.09/turn              (no ring)

@: no status effects
A: spiny 1
a: no special abilities


You were on level 2 of the Dungeon.
You were not hungry.

You visited 1 branch of the dungeon, and saw 2 of its levels.

You collected 17 gold pieces.

Inventory:

Armour
 a - a +0 robe (worn)
Scrolls
 d - a scroll of identify {unknown}
Comestibles
 b - a chunk of flesh
 c - 2 rations


   Skills:
 - Level 1.7 Dodging
 - Level 1.7 Stealth
 - Level 2.0 Spellcasting
 + Level 2.1 Conjurations
 - Level 2.6 Fire Magic


You had 4 spell levels left.
You knew the following spells:

 Your Spells              Type           Power        Failure   Level  Hunger
h - Flame Tongue          Conj/Fire      #....        8%          1    #......

Your spell library contained the following spells:

 Spells                   Type           Power        Failure   Level  Hunger
 Throw Flame              Conj/Fire      #.....       12%         2    ###....
 Conjure Flame            Conj/Fire      #.......     24%         3    ###....
 Inner Flame              Hex/Fire       #.......     34%         3    ###....
 Sticky Flame             Conj/Fire      #.......     61%         4    #####..
 Fireball                 Conj/Fire      #.........   91%         5    ######.


Dungeon Overview and Level Annotations

Branches:
Dungeon (2/15)

Altars:


Innate Abilities, Weirdness & Mutations

You are partially covered in sharp spines.


Message History

HP restored.
Magic restored.
There is a stone staircase leading up here.
Found a dagger.
Found an arbalest.
A leopard gecko comes into view.
The leopard gecko hisses angrily.
The leopard gecko bites you.
Casting: Flame Tongue (safe; 9% risk of failure)
Confirm with . or Enter, or press ? or * to list all spells.
Aiming: Flame Tongue (safe; 9% risk of failure)
Press: ? - help, Shift-Dir - straight line, f - leopard gecko
Aim: a leopard gecko (clinging)
The flame tongue hits the leopard gecko.
You kill the leopard gecko!
Your Conjurations skill increases to level 2!
You have reached level 2!
Your demonic ancestry asserts itself...
Sharp spines emerge from parts of your body.
Are you sure you want to abandon this character and quit the game? (Confirm

### #.# #.. #.# #.#
.##.# #.##.##.#
#.##.##.# #.##.##.#
#.##.##.#######
#<##.#.@%.....^
##.#.#.########
...#....#.#
...........########
...................
..........#.########
...####.#.#.# ...
)..#.#.# ..
.#.)#.#.#


There were no monsters in sight!

Vanquished Creatures
  A leopard gecko (D:2)
  3 bats (D:1)
  5 frilled lizards
9 creatures vanquished.

Notes
Turn   | Place    | Note
-------+----------+-------------------------------------------
     0 | D:1      | Duffy the Demonspawn Fire Elementalist began the quest for
                  | the Orb.
     0 | D:1      | Reached XP level 1. HP: 13/13 MP: 3/3
   199 | D:2      | Gained mutation: You are partially covered in sharp spines.
                  | [demonic ancestry]
   199 | D:2      | Reached XP level 2. HP: 16/19 MP: 3/5
   200 | D:2      | Quit the game

Vault maps used:
D:1:      roderic_chinese_lattice_arrival, minmay_lizard_pond
D:2:      grunt_temple_overflow_open, uniq_jessica

Skill      XL: |  1 |
---------------+----+-----
Conjurations   | 2 |  2.1
Dodging        | |  1.7
Stealth        | |  1.7
Spellcasting   | |  2.0
Fire Magic     | |  2.6

Action                   || total
-------------------------++-------
Melee: Unarmed           ||     2
 Cast: Flame Tongue      ||    11
Armor: Robe              ||     7
Dodge: Dodged            ||    20

Table legend:
 A = Non-vault XP
 B = Vault XP
 C = Vault XP percentage of total XP
 D = Non-vault monster count
 E = Vault monster count
 F = Vault count percentage of total count
                 A         B        C        D         E       F
            +---------+---------+-------+---------+---------+-------
      Total |       8 |       4 |  33.3 |       5 |       4 |  44.4
            +---------+---------+-------+---------+---------+-------
        D:1 |       5 |       3 |  37.5 |       4 |       3 |  42.9
        D:2 |       3 |       1 |  25.0 |       1 |       1 |  50.0
            +---------+---------+-------+---------+---------+-------
